 Dungeon Crawl Stone Soup version 0.19-a0-965-g50bf062 (webtiles) character file.

134 Gottschkopf the Magician (level 4, -6/24 HPs)
             Began as a Deep Elf Fire Elementalist on July 12, 2016.
             Mangled by a gnoll
             ... wielding a +0 whip
              (10 damage)
             ... on level 3 of the Dungeon.
             The game lasted 00:03:53 (1736 turns).

Gottschkopf the Magician (DEFE)                     Turns: 1736, Time: 00:03:53

Health: -6/24      AC:  3    Str:  5    XL:     4   Next: 95%
Magic:  4/13       EV: 13    Int: 21    God:
Gold:   70         SH:  0    Dex: 15    Spells: 4 memorised, 4 levels left

rFire  . . .     SeeInvis .     d - +0 dagger
rCold  . . .     Gourm    .     a - +0 robe
rNeg   . . .     Faith    .     (no shield)
rPois  .         Spirit   .     (no helmet)
rElec  .         Dismiss  .     (no cloak)
rCorr  .         Reflect  .     (no gloves)
SustAt .         Harm     .     p - +0 pair of boots
MR     .....     Rnd*Tele +     (no amulet)
Stlth  ++........               (no ring)
                                t - ring of teleportation (curse)

@: not resistant to hostile enchantments, unstealthy
A: no striking features
a: no special abilities


You were on level 3 of the Dungeon.
You were not hungry.

You visited 1 branch of the dungeon, and saw 3 of its levels.

You collected 70 gold pieces.

Inventory:

Hand Weapons
 d - a +0 dagger (weapon)
Armour
 a - a +0 robe (worn)
 p - a +0 pair of boots (worn)
Jewellery
 t - a cursed ring of teleportation (left hand)
Scrolls
 i - 2 scrolls of teleportation {unknown}
 j - 3 scrolls of remove curse {unknown}
 k - a scroll of fog {unknown}
 l - a scroll of recharging {unknown}
 n - a scroll of blinking {unknown}
 s - a scroll of identify {unknown}
Potions
 e - a potion of resistance {unknown}
 h - a potion of agility {unknown}
 m - a potion of degeneration {unknown}
 o - 2 potions of lignification {unknown}
 q - a potion of mutation {unknown}
 r - a potion of heal wounds {unknown}
Books
 b - a book of Flames

   Spells                             Type                      Level
   a - Flame Tongue                   Conjuration/Fire             1
   b - Throw Flame                    Conjuration/Fire             2
   c - Conjure Flame                  Conjuration/Fire             3
   d - Inner Flame                    Hexes/Fire                   3
   e - Sticky Flame                   Conjuration/Fire             4
   f - Fireball                       Conjuration/Fire             5
Comestibles
 c - 2 bread rations
 f - 4 chunks of flesh
 g - 8 fruits


   Skills:
 - Level 2.4 Dodging
 - Level 2.4 Stealth
 - Level 5.9 Spellcasting
 + Level 3.1 Conjurations
 - Level 3.2 Fire Magic


You had 4 spell levels left.
You knew the following spells:

 Your Spells              Type           Power        Failure   Level  Hunger
a - Flame Tongue          Conj/Fire      ###..        2%          1    None
b - Throw Flame           Conj/Fire      ###...       4%          2    None
c - Conjure Flame         Conj/Fire      ###.....     10%         3    ##.....
d - Sticky Flame          Conj/Fire      ###.....     28%         4    ####...


Dungeon Overview and Level Annotations

Branches:
Dungeon (3/15)

Altars:


Message History

The flame tongue hits the gnoll.
The gnoll is moderately wounded.
The gnoll closely misses you.
Casting: Flame Tongue
Confirm with . or Enter, or press ? or * to list all spells.
Aiming: Flame Tongue
Press: ? - help, Shift-Dir - straight line The flame tongue hits the gnoll.
The gnoll appears unharmed.
The gnoll is moderately wounded.
The gnoll hits you with a whip! The gnoll hits you with a club.
* * * LOW HITPOINT WARNING * * *
Casting: Flame Tongue
Confirm with . or Enter, or press ? or * to list all spells.
Aiming: Flame Tongue
Press: ? - help, Shift-Dir - straight line The flame tongue hits the gnoll.
You kill the gnoll!
Your Conjurations skill increases to level 3!
The gnoll hits you with a whip!
You die...

.. # #.
#####.#####
##.####.)<.......
....#.†.#####.###
..............#
....######.####
...[# .. #####
....# ## #..>##
..... #@g..#
..... #SS...#
####.. .g#!#.# .#
####.# .# .# . ##


You could see 2 gnolls, an adder and a ball python.

Vanquished Creatures
  A howler monkey (D:1)
  2 adders (D:2)
  2 gnolls
  An ooze (D:1)
  A worm (D:3)
  2 dart slugs
  4 orcs (D:3)
  6 bats
  2 giant cockroaches (D:2)
  6 goblins
  4 hobgoblins
  3 jackals (D:1)
  2 giant newts
  3 kobolds
  4 rats
43 creatures vanquished.

Notes
Turn   | Place    | Note
-------+----------+-------------------------------------------
     0 | D:1      | Gottschkopf the Deep Elf Fire Elementalist began the quest for the Orb.
     0 | D:1      | Reached XP level 1. HP: 10/10 MP: 6/6
   300 | D:1      | Reached XP level 2. HP: 15/15 MP: 6/8
   317 | D:1      | Reached skill level 4 in Spellcasting
   924 | D:1      | Reached skill level 5 in Spellcasting
   924 | D:1      | Reached XP level 3. HP: 9/19 MP: 3/11
   929 | D:1      | Learned a level 2 spell: Throw Flame
   933 | D:1      | Learned a level 3 spell: Conjure Flame
  1061 | D:1      | Reached XP level 4. HP: 22/24 MP: 4/13
  1067 | D:1      | Learned a level 4 spell: Sticky Flame
  1736 | D:3      | Mangled by a gnoll

Vault maps used:
D:1:      scummos_arrival_checkerplants
D:2:      item_on_display_a
D:3:      grunt_qazlal_clouds, nicolae_overflow_crystal_walls,
          fedhas_altar_fruit_tree

Skill      XL: |  1  2  3  4 |
---------------+-------------+-----
Spellcasting   | 5 |  5.9
Conjurations   | 3 |  3.1
Dodging        | |  2.4
Stealth        | |  2.4
Fire Magic     | |  3.2

Action                   |  1- 3 |  4- 6 || total
-------------------------+-------+-------++-------
Melee: Dagger            |     2 |       ||     2
 Cast: Flame Tongue      |    31 |    42 ||    73
       Throw Flame       |     3 |     3 ||     6
  Eat: Chunk             |       |     2 ||     2
Armor: Robe              |     1 |     2 ||     3
Dodge: Dodged            |    11 |    12 ||    23
